 Dungeon Crawl Stone Soup version 0.27.1-33-g824d729ab1 (webtiles) character file.

Game seed: 16777632177826437310

133 Destapler the Skirmisher (level 4, -1/41 HPs)
             Began as a Draconian Berserker on Nov 28, 2021.
             Was a Believer of Trog.
             Slain by an orc (4 damage)
             ... on level 4 of the Dungeon.
             The game lasted 00:03:37 (2755 turns).

Destapler the Skirmisher (Draconian Berserker)      Turns: 2755, Time: 00:03:38

Health: -1/41      AC:  6    Str: 20    XL:     4   Next: 93%
Magic:  4/4        EV: 13    Int:  7    God:    Trog [**....]
Gold:   124        SH:  0    Dex: 11    Spells: 3/3 levels left

rFire    . . .     SeeInvis .   g - +2 mace (protect)
rCold    . . .     Faith    .   (no shield)
rNeg     . . .     Spirit   .   (armour unavailable)
rPois    .         Reflect  .   (helmet restricted)
rElec    .         Harm     .   s - scarf {repulsion}
rCorr    .         Rampage  .   t - +0 pair of gloves {Stlth+}
Will     ++...                  (no boots)
Stlth    ++........             (no amulet)
HPRegen  1.13/turn              (no ring)
MPRegen  0.09/turn              (no ring)

@: strong-willed, on berserk cooldown, regenerating, slowed, repel missiles,
very slow
A: AC +5, unfitting armour, cold-blooded
a: Renounce Religion, Berserk, Trog's Hand


You were on level 4 of the Dungeon.
You worshipped Trog.
Trog was pleased with you.
You visited 1 branch of the dungeon, and saw 4 of its levels.

You collected 124 gold pieces.

Inventory:

Hand Weapons
 a - a +0 falchion
 g - a +2 mace of protection (weapon)
Missiles
 i - 11 poisoned darts (quivered)
 l - 3 boomerangs
Armour
 s - a scarf of repulsion (worn)
 t - a +0 pair of gloves of stealth (worn)
Scrolls
 b - a scroll of noise {unknown}
 c - 2 scrolls of blinking {unknown}
 d - 4 scrolls of identify {unknown}
 e - a scroll of enchant weapon {unknown}
 j - a scroll of enchant armour {unknown}
 n - a scroll of brand weapon {unknown}
 o - a scroll of fog {unknown}
 q - a scroll of torment {unknown}
Potions
 f - a potion of attraction {unknown}
 h - a potion of berserk rage {unknown}
 k - a potion of might {unknown}
 m - 4 potions of curing {unknown}
 p - a potion of magic {unknown}
 r - a potion of heal wounds {unknown}


   Skills:
 + Level 4.4 Fighting
 + Level 4.0 Long Blades
 + Level 3.7 Dodging


You had 3 spell levels left.
You didn't know any spells.
Your spell library contained the following spells:

 Spells                   Type           Power      Damage    Failure   Level
 Corpse Rot               Necr/Air       N/A        N/A       56%         2
 Poisonous Vapours        Pois/Air       0%         N/A       56%         2
 Sublimation of Blood     Necr           0%         N/A       56%         2
 Wereblood                Tmut           0%         N/A       56%         2
 Freezing Cloud           Conj/Ice/Air   0%         6-21      100%        5
 Summon Hydra             Summ           0%         N/A       100%        7


Dungeon Overview and Level Annotations

Branches:
Dungeon (4/15)
 Temple: D:4-7

Altars:


Innate Abilities, Weirdness & Mutations

Your plain brown scales are hard. (AC +5)
You cannot fit into any form of body armour.
You are cold-blooded and may be slowed by cold attacks.


Message History

The orc hits you with a +0 hand axe. The orc misses you.
The orc hits you but does no damage.
You hit the orc.
The orc is severely wounded.
The orc closely misses you. The orc barely misses you.
The orc closely misses you. x2
You sock the orc!
You kill the orc!
Trog accepts your kill. The orc hits you but does no damage. x2
You closely miss the orc. The orc barely misses you.
The orc hits you but does no damage. x2
You barely miss the orc.
Your tail-slap misses the orc.
The orc hits you with a +0 hand axe. The orc hits you but does no damage.
The orc hits you with a +0 flail!
* * * LOW HITPOINT WARNING * * *
The orc hits you with a +0 hand axe.
* * * LOW HITPOINT WARNING * * *
The orc barely misses you. The orc completely misses you.
You closely miss the orc. You tail-slap the orc.
The orc is moderately wounded.
The orc hits you with a +0 hand axe.
* * * LOW HITPOINT WARNING * * *
The orc barely misses you. The orc hits you with a +0 flail!
* * * LOW HITPOINT WARNING * * *
The orc hits you but does no damage. The orc barely misses you.
The orc hits you with a +0 flail.
* * * LOW HITPOINT WARNING * * *
You are too injured to fight recklessly!
You are too injured to fight recklessly!
Unknown command.
You are too injured to fight recklessly!
Unknown command.
You are too injured to fight recklessly!
Unknown command.
You are too injured to fight recklessly!
Your skin crawls.
You feel strong-willed. The orc hits you but does no damage.
The orc hits you with a +0 club.
You die...

..#......##.. .........g
<.#.......... ..........
(.........# #.........
..###.#.### #.........
..###.#...# #.........
......###.#####.........
..##...##...............
#..............†o#....<.
#..[.....###(...@o.#
#........# #....o###
#.........##.#...#
#......<..#......#
###.#.###...#....# #.#.#
##..#..?... #.#.
...#.>..## ......


You could see 3 orcs.

Vanquished Creatures
  An iguana (D:4)
  3 adders
  A worm (D:4)
  4 dart slugs
  4 orcs
  5 endoplasms
  A giant cockroach (D:1)
  3 goblins
  9 hobgoblins
  13 kobolds
  4 quokkas
  5 ball pythons
  3 bats
  2 frilled lizards
  4 rats
62 creatures vanquished.

Notes
Turn   | Place    | Note
-------+----------+-------------------------------------------
     0 | D:1      | Destapler the Draconian Berserker began the quest for the
                  | Orb.
     0 | D:1      | Reached XP level 1. HP: 19/19 MP: 1/1
   216 | D:1      | Reached XP level 2. HP: 21/26 MP: 2/2
   541 | D:1      | Found a faded altar of an unknown god.
   681 | D:1      | Reached XP level 3. HP: 33/33 MP: 3/3
  1323 | D:2      | Reached ** piety under Trog
  1782 | D:3      | Reached XP level 4. HP: 39/40 MP: 4/4
  2754 | D:4      | HP: 1/41 [orc (2)]
  2755 | D:4      | Slain by an orc

Illustrated notes

Levels and vault maps discovered:
D:1:      dpeg_arrival_solitude, layout_rooms,
          hellmonk_ecumenical_altar_prayer_group, minmay_tiny_reverse_x
D:2:      layout_basic
D:3:      layout_loops_corners
D:4:      layout_rooms, kennysheep_generic_room_11

Skill      XL: |  1  2  3  4 |
---------------+-------------+-----
Dodging        | 3 |  3.7
Fighting       | 4 |  4.4
Long Blades    | 4 |  4.0

Action                   |  1- 3 |  4- 6 || total
-------------------------+-------+-------++-------
Melee: Mace              |   104 |    54 ||   158
       Falchion          |     4 |       ||     4
       Tailslap          |    11 |     9 ||    20
Invok: Berserk           |     2 |     1 ||     3
       Trog's Hand       |       |     1 ||     1
 Stab: Sleeping          |     1 |       ||     1
Armor: Skin              |    82 |    27 ||   109
Dodge: Dodged            |   105 |    66 ||   171
       Rpst.: Falchion   |     1 |       ||     1
